Workbook

Sheet Profit & Loss
A1: PROFIT & LOSS STATEMENT
A2: Income, Expenses and Net Profit/Loss Tracker
A4: Total Revenue | D4: Total Expenses | G4: Net Profit / Loss | J4: Margin %
A5: =SUM(G9:G18) -> 675000 | D5: =SUM(H9:H18) -> 134200 | G5: =SUM(I9:I18) -> 540800 | J5: =IFERROR(SUM(I9:I18)/SUM(G9:G18),0) -> 0.80118519
A8: S.No. | B8: Date | C8: Period | D8: Category | E8: Description | F8: Income Type | G8: Revenue (₹) | H8: Expenses (₹) | I8: Net Profit / Loss (₹) | J8: Remarks
A9: =ROW()-8 -> 1 | B9: 46027 | C9: January | D9: Sales | E9: Product Sales | F9: Sales | G9: 190000 | H9: 0 | I9: =G9-H9 -> 190000 | J9: Regular monthly sales
A10: =ROW()-8 -> 2 | B10: 46032 | C10: January | D10: Operating Expense | E10: Office Rent | F10: Expense | G10: 0 | H10: 28000 | I10: =G10-H10 -> -28000 | J10: Monthly office rent
A11: =ROW()-8 -> 3 | B11: 46037 | C11: January | D11: Operating Expense | E11: Staff Salaries | F11: Expense | G11: 0 | H11: 62000 | I11: =G11-H11 -> -62000 | J11: January payroll
A12: =ROW()-8 -> 4 | B12: 46058 | C12: February | D12: Sales | E12: Product Sales | F12: Sales | G12: 212000 | H12: 0 | I12: =G12-H12 -> 212000 | J12: Sales increased
A13: =ROW()-8 -> 5 | B13: 46065 | C13: February | D13: Marketing | E13: Online Advertising | F13: Expense | G13: 0 | H13: 18000 | I13: =G13-H13 -> -18000 | J13: Digital campaign
A14: =ROW()-8 -> 6 | B14: 46073 | C14: February | D14: Other Income | E14: Service Income | F14: Other Income | G14: 35000 | H14: 0 | I14: =G14-H14 -> 35000 | J14: Consulting income
A15: =ROW()-8 -> 7 | B15: 46086 | C15: March | D15: Sales | E15: Product Sales | F15: Sales | G15: 238000 | H15: 0 | I15: =G15-H15 -> 238000 | J15: Strong sales month
A16: =ROW()-8 -> 8 | B16: 46093 | C16: March | D16: Operating Expense | E16: Utilities | F16: Expense | G16: 0 | H16: 12500 | I16: =G16-H16 -> -12500 | J16: Electricity and internet
A17: =ROW()-8 -> 9 | B17: 46101 | C17: March | D17: Operating Expense | E17: Transportation | F17: Expense | G17: 0 | H17: 9500 | I17: =G17-H17 -> -9500 | J17: Business travel and delivery
A18: =ROW()-8 -> 10 | B18: 46109 | C18: March | D18: Other Expense | E18: Bank Charges | F18: Expense | G18: 0 | H18: 4200 | I18: =G18-H18 -> -4200 | J18: Bank and payment charges
F20: Expense | G20: =SUM(G9:G18) -> 675000 | H20: =SUM(H9:H18) -> 134200 | I20: =SUM(I9:I18) -> 540800
A22: Use one row for each income or expense transaction. Enter Revenue and Expenses as applicable; Net Profit/Loss is calculated automatically.

Sheet Dashboard
A1: PROFIT & LOSS DASHBOARD
A3: Total Revenue | D3: Total Expenses | G3: Net Profit / Loss
A4: ='Profit & Loss'!G20 -> 675000 | D4: ='Profit & Loss'!H20 -> 134200 | G4: ='Profit & Loss'!I20 -> 540800
A7: Month | B7: Revenue | C7: Expenses | D7: Net Profit/Loss
A8: January | B8: =SUMIF('Profit & Loss'!$C$9:$C$1000,A8,'Profit & Loss'!$G$9:$G$1000) -> 190000 | C8: =SUMIF('Profit & Loss'!$C$9:$C$1000,A8,'Profit & Loss'!$H$9:$H$1000) -> 90000 | D8: =B8-C8 -> 100000
A9: February | B9: =SUMIF('Profit & Loss'!$C$9:$C$1000,A9,'Profit & Loss'!$G$9:$G$1000) -> 247000 | C9: =SUMIF('Profit & Loss'!$C$9:$C$1000,A9,'Profit & Loss'!$H$9:$H$1000) -> 18000 | D9: =B9-C9 -> 229000
A10: March | B10: =SUMIF('Profit & Loss'!$C$9:$C$1000,A10,'Profit & Loss'!$G$9:$G$1000) -> 238000 | C10: =SUMIF('Profit & Loss'!$C$9:$C$1000,A10,'Profit & Loss'!$H$9:$H$1000) -> 26200 | D10: =B10-C10 -> 211800
A11: April | B11: =SUMIF('Profit & Loss'!$C$9:$C$1000,A11,'Profit & Loss'!$G$9:$G$1000) -> 0 | C11: =SUMIF('Profit & Loss'!$C$9:$C$1000,A11,'Profit & Loss'!$H$9:$H$1000) -> 0 | D11: =B11-C11 -> 0
A12: May | B12: =SUMIF('Profit & Loss'!$C$9:$C$1000,A12,'Profit & Loss'!$G$9:$G$1000) -> 0 | C12: =SUMIF('Profit & Loss'!$C$9:$C$1000,A12,'Profit & Loss'!$H$9:$H$1000) -> 0 | D12: =B12-C12 -> 0
A13: June | B13: =SUMIF('Profit & Loss'!$C$9:$C$1000,A13,'Profit & Loss'!$G$9:$G$1000) -> 0 | C13: =SUMIF('Profit & Loss'!$C$9:$C$1000,A13,'Profit & Loss'!$H$9:$H$1000) -> 0 | D13: =B13-C13 -> 0
A14: July | B14: =SUMIF('Profit & Loss'!$C$9:$C$1000,A14,'Profit & Loss'!$G$9:$G$1000) -> 0 | C14: =SUMIF('Profit & Loss'!$C$9:$C$1000,A14,'Profit & Loss'!$H$9:$H$1000) -> 0 | D14: =B14-C14 -> 0
A15: August | B15: =SUMIF('Profit & Loss'!$C$9:$C$1000,A15,'Profit & Loss'!$G$9:$G$1000) -> 0 | C15: =SUMIF('Profit & Loss'!$C$9:$C$1000,A15,'Profit & Loss'!$H$9:$H$1000) -> 0 | D15: =B15-C15 -> 0
A16: September | B16: =SUMIF('Profit & Loss'!$C$9:$C$1000,A16,'Profit & Loss'!$G$9:$G$1000) -> 0 | C16: =SUMIF('Profit & Loss'!$C$9:$C$1000,A16,'Profit & Loss'!$H$9:$H$1000) -> 0 | D16: =B16-C16 -> 0
A17: October | B17: =SUMIF('Profit & Loss'!$C$9:$C$1000,A17,'Profit & Loss'!$G$9:$G$1000) -> 0 | C17: =SUMIF('Profit & Loss'!$C$9:$C$1000,A17,'Profit & Loss'!$H$9:$H$1000) -> 0 | D17: =B17-C17 -> 0
A18: November | B18: =SUMIF('Profit & Loss'!$C$9:$C$1000,A18,'Profit & Loss'!$G$9:$G$1000) -> 0 | C18: =SUMIF('Profit & Loss'!$C$9:$C$1000,A18,'Profit & Loss'!$H$9:$H$1000) -> 0 | D18: =B18-C18 -> 0
A19: December | B19: =SUMIF('Profit & Loss'!$C$9:$C$1000,A19,'Profit & Loss'!$G$9:$G$1000) -> 0 | C19: =SUMIF('Profit & Loss'!$C$9:$C$1000,A19,'Profit & Loss'!$H$9:$H$1000) -> 0 | D19: =B19-C19 -> 0
A21: Overall Profit Margin | B21: =IFERROR(G4/B4,0) -> 0

Sheet Sheet1
A1: S.No.
A2: Date
A3: Period
A4: Category
A5: Description
A6: Income Type
A7: Revenue (₹)
A8: Expenses (₹)
A9: Net Profit / Loss (₹)
A10: Remarks
A11: Dashboard
A12: Bar Chart
A13: KPI Card
